 Dungeon Crawl Stone Soup version 0.25-a0-290-g4a1327e (webtiles) character file.

Game seed: 17862739955821814397, levelgen mode: deterministic

7 MrTaco21 the Shield-Bearer (level 2, -1/19 HPs)
             Began as a Gargoyle Fighter on Dec 14, 2019.
             Slain by a frilled lizard (2 damage)
             ... on level 1 of the Dungeon.
             The game lasted 00:02:10 (63 turns).

MrTaco21 the Shield-Bearer (Gargoyle Fighter)         Turns: 63, Time: 00:02:10

Health: -1/19      AC:  9    Str: 19    XL:     2   Next: 0%
Magic:  2/2        EV:  7    Int:  8    God:
Gold:   0          SH:  9    Dex:  9    Spells: 1/1 levels left

rFire    . . .     SeeInvis .   a - +0 flail
rCold    . . .     Gourm    .   c - +0 shield
rNeg     + . .     Faith    .   b - +0 scale mail
rPois    ∞         Spirit   .   (no helmet)
rElec    +         Reflect  .   (no cloak)
rCorr    .         Harm     .   (no gloves)
MR       .....                  (no boots)
Stlth    ..........             (no amulet)
HPRegen  0.06/turn              (no ring)
MPRegen  0.08/turn              (no ring)

@: very slow
A: negative energy resistance 1, electricity resistance, unbreathing,
petrification resistance, rot immunity, AC +2
a: no special abilities


You were on level 1 of the Dungeon.
You were not hungry.

You visited 1 branch of the dungeon, and saw 1 of its levels.

Inventory:

Hand Weapons
 a - a +0 flail (weapon)
Armour
 b - a +0 scale mail (worn)
 c - a +0 shield (worn)
Potions
 d - a potion of might
Comestibles
 e - a ration {!d}


   Skills:
 + Level 3.4 Fighting
 + Level 2.1 Maces & Flails
 + Level 3.4 Armour
 + Level 3.4 Shields


You had one spell level left.
You didn't know any spells.
Your spell library was empty.

Dungeon Overview and Level Annotations

Branches:
Dungeon (1/15)

Altars:


Innate Abilities, Weirdness & Mutations

You are resistant to torment.
Your stone body is resilient. (AC +2)
You are immune to poison.
You resist negative energy. (rN+)
You are resistant to electric shocks. (rElec)
You can survive without breathing.
You are immune to petrification.
You are immune to rotting.


Message History

You hit the jackal.
You kill the jackal!
The jackal bites you but does no damage.
Your shield and scale mail prevent you from hitting the jackal.
You block the jackal's attack.
The jackal bites you but does no damage.
Your unstable footing causes you to fumble your attack.
You block the jackal's attack. x2
You closely miss the jackal.
The jackal bites you but does no damage.
The jackal barely misses you.
Your unstable footing causes you to fumble your attack.
The jackal closely misses you.
You hit the jackal but do no damage. The jackal barely misses you.
The jackal bites you but does no damage.
You sock the jackal!
You kill the jackal!
You have reached level 2!
The frilled lizard bites you but does no damage.
You closely miss the frilled lizard. The frilled lizard barely misses you.
You closely miss the frilled lizard. The frilled lizard bites you.
* * * LOW HITPOINT WARNING * * *
Your unstable footing causes you to fumble your attack.
You block the frilled lizard's attack.
You barely miss the leopard gecko. The leopard gecko bites you.
* * * LOW HITPOINT WARNING * * *
You block the frilled lizard's attack.
The leopard gecko completely misses you.
You completely miss the frilled lizard.
The frilled lizard bites you but does no damage.
You block the leopard gecko's attack.
You hit the frilled lizard but do no damage.
You block the leopard gecko's attack.
The frilled lizard bites you but does no damage.
The leopard gecko bites you.
* * * LOW HITPOINT WARNING * * *
You block the frilled lizard's attack.
You miss the frilled lizard. The leopard gecko barely misses you.
The frilled lizard bites you but does no damage.
The leopard gecko bites you but does no damage.
You barely miss the frilled lizard. You block the frilled lizard's attack.
The leopard gecko closely misses you. You block the frilled lizard's attack.
Your unstable footing causes you to fumble your attack.
The leopard gecko barely misses you.
The frilled lizard bites you but does no damage.
The leopard gecko bites you.
* * * LOW HITPOINT WARNING * * *
Your unstable footing causes you to fumble your attack.
You block the leopard gecko's attack. The frilled lizard bites you.
You die...

######
#≈≈≈≈#
#≈##≈#
#@≈≈≈#
......ll<#≈#
%.....#≈≈#≈#
##....#≈##≈#
#... #≈≈≈#≈
#..> #### #
###


You could see a leopard gecko and a frilled lizard.

Vanquished Creatures
  5 jackals (D:1)
5 creatures vanquished.

Notes
Turn   | Place    | Note
-------+----------+-------------------------------------------
     0 | D:1      | MrTaco21 the Gargoyle Fighter began the quest for the Orb.
     0 | D:1      | Reached XP level 1. HP: 14/14 MP: 1/1
    53 | D:1      | Reached XP level 2. HP: 8/19 MP: 2/2
    63 | D:1      | Slain by a frilled lizard

Levels and vault maps discovered:
D:1:      ncdulo_wetmaze, layout_basic

Action                   || total
-------------------------++-------
Melee: Flail             ||    56
Armor: Scale mail        ||    40
Dodge: Dodged            ||    22
Block: Shield            ||    32

Table legend:
 A = Non-vault XP
 B = Vault XP
 C = Vault XP percentage of total XP
 D = Non-vault monster count
 E = Vault monster count
 F = Vault count percentage of total count
                 A         B        C        D         E       F
            +---------+---------+-------+---------+---------+-------
      Total |      10 |       0 |   0.0 |       5 |       0 |   0.0
            +---------+---------+-------+---------+---------+-------
        D:1 |      10 |       0 |   0.0 |       5 |       0 |   0.0
            +---------+---------+-------+---------+---------+-------
